Map: Abyssal Reef LE

Players

Dutchkid - Winner!

  • Race: Zerg Zerg
  • League: Diamond
  • Spawn Location: 5:00

Ykrang

  • Race: Protoss Protoss
  • League: Master
  • Spawn Location: 11:00

VOD

Have the link to the VOD?

Description

Time

  • Played on: Jan. 19, 2018, 10:44 a.m.
  • Length: 27:34
Show
View Real Time Build Order
Export as new Build Order

Dutchkid Zerg - Winner!

Build Orders: Hatch First 

Get SALT Encoding   

  12  0:01  Drone  
  13  0:12  Overlord  
  13  0:17  Drone  
  14  0:31  Drone x2  
  14  0:35  Drone  
  17  0:53  Hatchery  
  17  0:55  Drone  
  17  1:03  Extractor, Drone  
  17  1:16  Spawning Pool  
  17  1:18  Drone  
  17  1:20  Drone  
  18  1:30  Drone  
  19  1:39  Overlord  
  19  1:52  Drone  
  20  2:03  Queen  
  20  2:05  Metabolic Boost  
  22  2:08  Queen  
  22  2:10  Drone x2  
  26  2:18  Drone x2  
  28  2:24  Drone  
  29  2:30  Zergling x2  
  29  2:33  Zergling x2  
  31  2:41  Hatchery  
  30  2:46  Drone  
  30  2:47  Overlord  
  31  2:55  Zergling x2  
  31  2:57  Drone  
  33  3:01  Queen  
  33  3:04  Queen  
  37  3:10  Drone x2  
  37  3:11  Drone  
  40  3:21  Overlord  
  40  3:24  Overlord  
  40  3:25  Drone  
  40  3:26  Drone x2  
  43  3:28  Drone  
  44  3:48  Drone  
  44  3:49  Drone x7  
  50  4:06  Drone x3  
  50  4:07  Drone x4  
  57  4:13  Lair  
  57  4:16  Drone  
  57  4:17  Drone  
  59  4:19  Extractor  
  59  4:20  Spore Crawler  
  59  4:21  Spore Crawler  
  59  4:23  Queen  
  58  4:25  Spore Crawler  
  58  4:27  Zergling x6  
  58  4:28  Zergling x4  
  60  4:49  Drone x3  
  63  4:53  Evolution Chamber, Overlord x3  
  63  4:55  Evolution Chamber  
  61  5:07  Extractor, Drone x4  
  62  5:08  Extractor  
  62  5:12  Pneumatized Carapace  
  62  5:26  Zergling x2  
  62  5:27  Zergling x18  
  71  5:44  Drone x3  
  71  5:45  Drone x3  
  77  5:53  Zerg Missile Weapons Level 1, Hydralisk Den  
  76  6:04  Baneling Nest  
  76  6:05  Hatchery  
  76  6:10  Extractor  
  73  6:12  Extractor  
  73  6:16  Overlord x2  
  69  6:33  Muscular Augments  
  69  6:35  Zerg Melee Weapons Level 1  
  69  6:38  Drone x2  
  69  6:39  Drone x2  
  74  6:40  Drone x4  
  77  6:47  Overlord x3  
  77  6:49  Centrifical Hooks  
  77  6:50  Zergling x2  
  77  6:51  Zergling x22  
  89  6:57  Baneling x6  
  89  6:59  Baneling  
  89  7:09  Baneling x5  
  89  7:11  Overlord  
  89  7:12  Overlord x3  
  89  7:15  Drone x6  
  91  7:48  Drone  
  91  7:49  Drone x5  
  91  7:50  Drone x4  
  99  7:57  Hydralisk  
  99  7:58  Hydralisk x13  
  111  8:25  Drone  
  111  8:26  Drone x7  
  103  8:37  Zergling x2  
  103  8:38  Zergling x8  
  104  8:42  Zerg Melee Weapons Level 2, Zerg Missile Weapons Level 2  
  104  8:47  Drone x3  
  104  8:48  Queen  
  107  8:53  Queen  
  107  9:01  Hydralisk x3  
  107  9:02  Hydralisk x6  
  125  9:12  Baneling x6  
  125  9:25  Drone x2  
  125  9:27  Infestation Pit  
  126  9:31  Extractor  
  126  9:32  Extractor  
  122  9:44  Zergling x2  
  122  9:45  Zergling x32  
  117  9:46  Zergling x2  
  123  9:56  Drone x3  
  126  10:01  Spire  
  126  10:06  Baneling  
  125  10:07  Baneling x15  
  125  10:09  Zergling x24  
  137  10:22  Drone  
  137  10:23  Drone x5  
  137  10:26  Hive  
  143  10:41  Baneling  
  143  10:42  Baneling x4  
  114  11:08  Hydralisk  
  114  11:09  Hydralisk x8  
  114  11:10  Zergling x24  
  114  11:11  Hydralisk x3  
  133  11:21  Drone x3  
  136  11:31  Zerg Ground Armor Level 1  
  136  11:32  Corruptor  
  136  11:33  Corruptor x3  
  136  11:34  Hatchery  
  143  11:44  Hatchery  
  142  11:48  Corruptor x3  
  148  11:55  Spore Crawler  
  147  12:01  Corruptor x2  
  147  12:03  Overlord x3  
  147  12:04  Overlord x3  
  151  12:18  Zergling x2  
  151  12:19  Zergling x6  
  140  12:35  Corruptor x8  
  156  12:42  Greater Spire  
  111  13:13  Hydralisk, Zergling x8  
  111  13:14  Hydralisk x9, Zergling x16  
  111  13:19  Zerg Melee Weapons Level 3  
  131  13:45  Hydralisk x11  
  123  14:00  Zergling x2  
  123  14:01  Zergling x16  
  126  14:13  Zergling x12  
  116  14:20  Zerg Ground Armor Level 2  
  116  14:22  Zerg Flyer Armor Level 1  
  112  14:35  Brood Lord x3  
  112  14:38  Hatchery, Zergling x16  
  124  14:42  Drone  
  124  14:43  Drone  
  127  14:46  Brood Lord  
  127  14:47  Hatchery  
  127  14:50  Drone x3  
  127  14:51  Drone x3  
  134  15:04  Brood Lord x2  
  138  15:08  Brood Lord  
  138  15:10  Extractor x2  
  138  15:17  Drone x3  
  138  15:18  Drone x3  
  144  15:22  Zergling x8  
  144  15:27  Queen  
  144  15:48  Baneling  
  144  15:49  Baneling x11  
  144  15:52  Brood Lord  
  144  15:53  Brood Lord  
  148  16:06  Queen  
  148  16:10  Drone x2  
  148  16:11  Drone x3  
  155  16:17  Zerg Missile Weapons Level 3  
  155  16:20  Ultralisk Cavern  
  154  16:32  Hydralisk x5  
  156  16:33  Hydralisk x13  
  156  16:38  Overseer  
  190  16:40  Overseer x2  
  190  16:41  Overseer  
  163  17:08  Hydralisk x3  
  143  17:09  Zergling x10  
  130  17:24  Hatchery  
  130  17:26  Zergling x18  
  130  17:27  Zergling x14  
  118  17:49  Drone  
  118  17:50  Drone  
  87  18:04  Ultralisk x3  
  104  18:08  Chitinous Plating  
  104  18:14  Zergling x2  
  104  18:15  Zergling x6  
  108  18:29  Queen  
  108  18:31  Ultralisk  
  111  18:50  Baneling x2  
  111  18:51  Baneling x19  
  110  18:58  Ultralisk  
  110  19:02  Drone x2  
  118  19:03  Drone  
  119  19:16  Ultralisk  
  125  19:23  Ultralisk  
  131  19:36  Hydralisk  
  131  19:37  Hydralisk x4  
  141  19:39  Hydralisk  
  140  19:55  Ultralisk  
  140  19:56  Ultralisk  
  147  20:03  Spore Crawler  
  147  20:06  Drone x4  
  139  20:36  Zergling x24  
  139  20:37  Zergling x4  
  139  20:42  Hatchery  
  147  20:47  Drone  
  147  20:48  Drone x7  
  139  21:04  Viper x5  
  136  21:21  Corruptor x4  
  130  21:39  Overseer x3  
  123  21:40  Hydralisk  
  123  21:41  Hydralisk x5  
  104  22:00  Corruptor x3  
  104  22:01  Corruptor x2  
  114  22:10  Zerg Ground Armor Level 3  
  114  22:15  Zerg Flyer Armor Level 2  
  114  22:19  Hydralisk  
  114  22:20  Hydralisk  
  114  22:21  Hydralisk  
  114  22:22  Extractor  
  119  22:26  Extractor  
  112  22:38  Hydralisk x4  
  112  22:39  Hydralisk  
  118  22:52  Hydralisk x4  
  110  23:19  Hydralisk  
  108  23:20  Hydralisk x7  
  119  23:30  Spore Crawler  
  118  23:37  Corruptor  
  118  23:38  Corruptor  
  117  23:52  Hydralisk  
  117  23:53  Hydralisk x2  
  115  23:59  Drone  
  115  24:00  Drone x2  
  115  24:02  Drone  
  113  24:35  Hatchery  
  111  24:46  Hydralisk  
  111  24:47  Hydralisk x2  
  97  25:38  Corruptor x5  
  103  25:49  Queen  
  99  25:53  Drone x3  
  99  25:54  Drone  
  97  26:38  Ultralisk x2  
  109  26:44  Ultralisk  
  114  27:06  Spore Crawler  
Show
View Real Time Build Order
Export as new Build Order

Ykrang Protoss 

Build Orders: 1 Gate Expand, Phoenix Opening 

Get SALT Encoding   

  12  0:01  Probe (Chrono Boost)  
  13  0:11  Probe (Chrono Boost)  
  14  0:21  Probe  
  14  0:23  Pylon  
  15  0:41  Probe  
  16  0:45  Assimilator  
  16  0:48  Gateway  
  16  0:53  Probe  
  17  1:05  Probe  
  18  1:17  Probe  
  19  1:29  Probe  
  20  1:39  Nexus  
  20  1:43  Cybernetics Core  
  20  1:46  Probe  
  21  1:57  Assimilator  
  21  1:58  Probe  
  22  2:02  Pylon  
  22  2:10  Probe  
  23  2:18  Gateway  
  23  2:23  Probe  
  24  2:34  Pylon  
  24  2:35  Probe (Chrono Boost)  
  25  2:47  Probe (Chrono Boost)  
  26  2:51  Stargate  
  26  2:54  Probe (Chrono Boost)  
  26  2:56  Warp Gate  
  27  3:00  Adept  
  27  3:05  Probe (Chrono Boost)  
  30  3:11  Probe (Chrono Boost)  
  31  3:14  Probe (Chrono Boost)  
  31  3:16  Probe (Chrono Boost)  
  33  3:21  Adept, Probe  
  33  3:26  Probe  
  37  3:31  Adept  
  39  3:39  Phoenix  
  41  3:42  Probe  
  41  3:45  Probe  
  43  3:54  Shield Battery  
  43  3:56  Pylon  
  43  3:57  Probe  
  45  4:02  Probe  
  45  4:07  Pylon  
  45  4:09  Probe  
  46  4:12  Adept x2  
  46  4:15  Probe  
  51  4:24  Nexus  
  51  4:25  Pylon  
  51  4:28  Assimilator  
  49  4:44  Probe  
  49  4:45  Probe  
  51  4:56  Probe  
  51  4:57  Probe  
  51  4:58  Shield Battery  
  51  5:02  Adept x2  
  53  5:08  Probe  
  53  5:09  Probe  
  55  5:16  Gateway x2  
  55  5:20  Probe  
  56  5:21  Probe  
  56  5:25  Adept x2  
  56  5:26  Assimilator  
  61  5:32  Probe  
  61  5:33  Probe  
  63  5:43  Probe  
  63  5:45  Probe x2  
  63  5:47  Adept x2  
  70  5:55  Robotics Facility  
  70  5:56  Probe  
  71  5:59  Forge  
  71  6:02  Forge  
  71  6:06  Twilight Council  
  71  6:07  Probe x2  
  71  6:10  Pylon  
  73  6:13  Pylon  
  73  6:14  Probe  
  74  6:19  Probe x2  
  74  6:20  Adept  
  74  6:25  Pylon, Protoss Ground Armor Level 1, Protoss Ground Weapons Level 1  
  74  6:33  Probe x2  
  76  6:41  Probe (Chrono Boost)  
  77  6:47  Adept x4  
  77  6:49  Probe (Chrono Boost)  
  77  6:50  Nexus, Probe (Chrono Boost)  
  77  6:51  Pylon  
  77  6:53  Probe (Chrono Boost)  
  88  6:56  Resonating Glaives (Chrono Boost)  
  88  6:58  Robotics Bay  
  88  7:00  Probe (Chrono Boost)  
  90  7:01  Probe (Chrono Boost)  
  90  7:04  Probe (Chrono Boost)  
  90  7:08  Adept x4, Probe  
  97  7:13  Gateway x2  
  100  7:19  Assimilator  
  100  7:22  Assimilator  
  100  7:30  Pylon  
  100  7:31  Adept x4  
  100  7:52  Colossus, Void Ray  
  100  7:55  Stalker x3  
  116  8:05  Sentry  
  118  8:15  Protoss Ground Armor Level 2 (Chrono Boost)  
  118  8:20  Probe  
  118  8:21  Probe  
  118  8:22  Probe  
  119  8:29  Charge  
  119  8:32  Protoss Ground Weapons Level 2 (Chrono Boost)  
  119  8:33  Probe x2  
  95  8:45  Probe  
  96  8:50  Adept x2  
  96  8:51  Adept x4  
  96  8:52  Probe x2  
  96  8:55  Colossus  
  106  8:57  Extended Thermal Lance  
  106  8:59  Probe (Chrono Boost)  
  113  9:04  Probe (Chrono Boost)  
  114  9:12  Zealot x5  
  124  9:20  Assimilator  
  124  9:26  Assimilator  
  124  9:32  Zealot  
  124  9:33  Zealot x3  
  104  9:46  Adept x2  
  104  9:49  Probe  
  109  9:56  Zealot x3  
  109  9:57  Nexus, Zealot  
  109  9:58  Pylon  
  117  10:00  Pylon  
  117  10:01  Colossus (Chrono Boost)  
  123  10:08  Probe  
  124  10:15  Protoss Ground Weapons Level 3 (Chrono Boost)  
  124  10:17  Shield Battery  
  124  10:19  Photon Cannon  
  124  10:21  Photon Cannon  
  124  10:26  Sentry x4  
  124  10:27  Sentry x2  
  136  10:39  Probe x3  
  139  10:44  Protoss Ground Armor Level 3 (Chrono Boost)  
  139  10:50  Colossus (Chrono Boost)  
  139  10:51  Probe x3  
  148  11:03  Probe  
  111  11:12  Adept x2  
  111  11:13  Adept x4  
  113  11:19  Probe x2  
  113  11:20  Probe  
  116  11:30  Pylon  
  116  11:32  Pylon  
  116  11:34  Adept x2  
  116  11:35  Adept x3  
  116  11:38  Sentry  
  116  11:39  Colossus (Chrono Boost)  
  128  11:43  Pylon  
  128  11:45  Pylon  
  134  11:57  Zealot x2  
  134  11:58  Zealot  
  138  12:03  Stalker x3  
  138  12:08  Probe x3  
  147  12:09  Probe  
  134  12:33  Stalker x5  
  134  12:34  Stalker  
  128  12:48  Blink  
  128  12:53  Gateway  
  128  12:58  Pylon, Gateway  
  114  13:03  Stalker x4  
  114  13:04  Stalker x2  
  118  13:17  Protoss Shields Level 1  
  118  13:18  Immortal  
  122  13:22  Nexus, Gateway x2  
  122  13:23  Pylon  
  108  14:00  Stalker x4  
  108  14:01  Stalker x2  
  108  14:17  Nexus  
  100  14:29  Stalker x3  
  100  14:30  Stalker x5  
  116  14:34  Probe x3  
  116  14:35  Probe  
  120  14:42  Assimilator  
  120  14:43  Immortal  
  120  14:45  Assimilator  
  124  14:46  Probe (Chrono Boost)  
  124  14:48  Probe (Chrono Boost)  
  124  14:50  Templar Archives, Dark Shrine, Probe x2 (Chrono Boost)  
  128  14:57  Sentry x4  
  128  14:58  Sentry, Probe (Chrono Boost)  
  140  15:02  Probe (Chrono Boost)  
  140  15:11  Fleet Beacon  
  140  15:15  Stargate  
  140  15:20  Stargate  
  140  15:22  Observer  
  133  15:52  High Templar x7  
  133  15:53  High Templar  
  147  15:58  Tempest  
  147  15:59  Tempest (Chrono Boost)  
  159  16:06  Photon Cannon  
  159  16:07  Pylon  
  159  16:10  Photon Cannon  
  159  16:11  Shield Battery, Archon x3  
  159  16:12  Archon  
  159  16:14  Shield Battery  
  159  16:18  Shield Battery  
  159  16:24  Dark Templar x2  
  159  16:25  Dark Templar x3  
  168  16:37  Tempest (Chrono Boost)  
  166  16:41  Tempest (Chrono Boost)  
  166  16:47  Pylon  
  172  16:48  Pylon  
  102  17:18  Stalker x3  
  102  17:19  Stalker x4  
  88  17:45  Zealot x2  
  88  17:46  Zealot x5  
  82  18:05  Probe x4  
  80  18:17  Probe x4  
  84  18:21  Nexus  
  84  18:22  Pylon  
  84  18:28  Zealot x4  
  84  18:29  Zealot x3, Probe  
  99  18:37  Pylon  
  98  18:58  Assimilator  
  98  18:59  Photon Cannon  
  98  19:00  Assimilator  
  98  19:01  Photon Cannon  
  98  19:03  Shield Battery  
  98  19:04  Shield Battery  
  98  19:05  Shield Battery  
  98  19:07  Carrier x2  
  98  19:08  Carrier  
  116  19:11  Graviton Catapult  
  116  19:15  High Templar x6  
  128  19:19  Archon x2  
  128  19:20  Archon  
  128  19:29  Zealot  
  130  19:41  Gateway  
  130  19:42  Gateway  
  130  19:47  Probe (Chrono Boost)  
  130  19:51  Probe x3 (Chrono Boost)  
  130  19:52  Probe (Chrono Boost)  
  135  19:57  Zealot x3  
  135  19:58  Zealot x3  
  135  20:02  Probe x2 (Chrono Boost)  
  135  20:04  Immortal  
  137  20:13  Dark Shrine  
  112  20:38  Zealot x6  
  112  20:39  Zealot  
  102  20:57  Probe x3  
  93  21:09  Probe x3  
  93  21:10  Carrier (Chrono Boost)  
  93  21:11  Carrier (Chrono Boost)  
  94  21:12  Nexus  
  94  21:13  Pylon  
  102  21:21  Probe  
  100  21:28  Dark Templar x3  
  100  21:31  Dark Templar  
  106  21:38  Probe x3  
  114  22:04  Protoss Shields Level 2  
  114  22:06  Carrier (Chrono Boost)  
  114  22:48  Dark Templar x4  
  114  22:49  Dark Templar  
  124  22:57  Carrier  
  130  23:05  Archon x2  
  118  23:27  Dark Templar x3  
  116  23:50  Probe x3  
  116  23:55  High Templar x2  
  115  23:56  Nexus  
  115  23:58  Pylon  
  109  24:24  High Templar x2  
  109  24:26  Zealot  
  113  24:40  Probe x3  
  113  24:41  Assimilator x2, Probe  
  117  24:52  Probe  
  118  24:59  Cybernetics Core  
  118  25:01  Pylon, Probe x3  
  118  25:06  Dark Templar x2  
  125  25:07  Dark Templar  
  119  25:15  Archon x2  
  92  25:35  High Templar x2  
  75  25:41  Archon  
  49  25:56  Zealot x3  
  49  25:57  Zealot x2  
  38  26:24  Dark Templar x2  
  36  26:38  Zealot x3  
  36  26:39  Zealot x3  
  44  26:42  Probe (Chrono Boost)  
  38  26:52  Probe (Chrono Boost)  
  38  26:57  Probe (Chrono Boost)  
  38  26:58  Zealot x2  
  38  26:59  Zealot x2  
  38  27:00  Zealot x3  
  53  27:10  Probe (Chrono Boost)  
  54  27:19  Probe (Chrono Boost)  
Tags
 
Add a new tag
Caveats
  • Supply blocks, unpowered buildings, or Contaminate may cause inaccurate times.
  • Supply counts are checked every 10 seconds.